 Dungeon Crawl Stone Soup version 0.30.0-5-g1a98f26d00 (webtiles) character file.

Game seed: 31371367820818532

18 jasper the Chopper (level 2, -1/24 HPs)
             Began as a Demonspawn Cinder Acolyte on May 11, 2023.
             Was a High Priest of Ignis.
             Succumbed to an adder's poison
             ... on level 2 of the Dungeon.
             The game lasted 00:01:21 (817 turns).

jasper the Chopper (Demonspawn Cinder Acolyte)       Turns: 817, Time: 00:01:22

Health: -1/24      AC: 12    Str: 14    XL:     2   Next: 51%
Magic:  3/3        EV: 10    Int: 15    God:    Ignis [*****.]
Gold:   35         SH:  0    Dex:  8    Spells: 3/3 levels left

rFire   + + .        l - +1 war axe (heavy)
rCold   + . .        (no shield)
rNeg    . . .        m - +0 ring mail
rPois   +            (helmet restricted)
rElec   +            (no cloak)
rCorr   +            (no gloves)
SInv    .            (no boots)
Will    .....        (no amulet) Stlth
                     (no ring)
HPRegen 0.24/turn    (no ring)
MPRegen 0.08/turn

%: no passive effects
@: lethally poisoned (-1 -> -2), resistant, fiery-armoured
A: horns 1
a: Renounce Religion, Fiery Armour, Foxfire Swarm, Rising Flame


You were on level 2 of the Dungeon.
You worshipped Ignis.
Ignis was extremely pleased with you.
You visited 1 branch of the dungeon, and saw 2 of its levels.

You collected 57 gold pieces.
You spent 22 gold pieces at shops.

Inventory:

Hand Weapons
 a - a -1 hand axe of flaming
 l - a +1 heavy war axe (weapon)
Missiles
 f - 11 stones (quivered)
Armour
 b - a +0 robe
 m - a +0 ring mail (worn)
Potions
 d - a potion of haste
 i - 2 potions of degeneration


   Skills:
 - Level 3.0 Fighting
 + Level 3.5 Axes
 - Level 1.0 Spellcasting
 - Level 2.6 Fire Magic


You had 3 spell levels left.
You didn't know any spells.
Your spell library contained the following spells:

 Spells                   Type           Power      Damage    Failure   Level
 Scorch                   Fire           16%        2d5       26%         2


Dungeon Overview and Level Annotations

Branches:
Dungeon (2/15)

Altars:

Shops:
D:1 **


Innate Abilities, Weirdness & Mutations

You have a pair of small horns on your head.


Message History

You are more poisoned.
The adder poisons you!
You take 5 damage, and have 14/24 hp.
MASSIVE DAMAGE!!
You miss the adder. Your headbutt misses the adder.
Your punch misses the adder.
The adder is severely wounded.
You feel very sick. The adder barely misses you.
The adder bites you but does no damage. The adder barely misses you.
You take 3 damage, and have 11/24 hp.
You barely miss the adder.
The adder is severely wounded.
You feel very sick. The adder closely misses you. The adder bites you.
* * * LOW HITPOINT WARNING * * *
The adder bites you but does no damage.
You take 5 damage, and have 6/24 hp.
MASSIVE DAMAGE!!
You hit the adder.
The adder is severely wounded.
You feel sick. The adder misses you. The adder barely misses you.
You take 1 damage, and have 5/24 hp.
You hit the adder.
The adder is almost dead.
You feel sick.
You are no longer poisoned.
The adder bites you but does no damage. The adder bites you.
* * * LOW HITPOINT WARNING * * *
You are lethally poisoned!
The adder poisons you! The adder bites you but does no damage.
You take 3 damage, and have 2/24 hp.
You feel protected.
* * * LOW HITPOINT WARNING * * *
You feel sick. The adder closely misses you.
A protective cloak of flame settles atop you.
* * * LOW HITPOINT WARNING * * *
You feel sick. The adder closely misses you.
You take 1 damage, and have 1/24 hp.
You closely miss the adder. Your headbutt misses the adder.
The adder is almost dead.
You die...

#.# . #.# .#
#.# ##. #.# ...
#.##.# #
###....# .###
##....### #...
#.......#...
#@.####.#.#
#S)####...#.#
#.....<.....#
#..#####.......
#..# .####.#
#..# .. . ....
... .... ####


You could see an adder.

Vanquished Creatures
  A dart slug (D:1)
  An endoplasm (D:1)
  A goblin (D:2)
  A hobgoblin (D:1)
  2 jackals (D:1)
  3 quokkas (D:1)
  3 ball pythons (D:1)
  2 kobolds (D:1)
14 creatures vanquished.

Notes
Turn   | Place    | Note
-------+----------+-------------------------------------------
     0 | D:1      | jasper the Demonspawn Cinder Acolyte began the quest for
                  | the Orb.
     0 | D:1      | Reached XP level 1. HP: 18/18 MP: 2/2
   221 | D:1      | Found Ekliterph's General Store.
   226 | D:1      | Gained mutation: You have a pair of small horns on your
                  | head. [demonic ancestry]
   226 | D:1      | Reached XP level 2. HP: 21/24 MP: 3/3
   240 | D:1      | Bought a scroll of identify for 22 gold pieces
   466 | D:1      | Found Diheret's Assorted Antiques.
   816 | D:2      | HP: 1/24 [poisoned by an adder]
   817 | D:2      | Succumbed to an adder's poison

Illustrated notes

Levels and vault maps discovered:
D:1:      dpeg_arrival_shrine, layout_loops_ring, serial_shops, shop, shop,
          hangedman_decor_push
D:2:      layout_loops_ring, uniq_jessica

Skill      XL: |  1 |
---------------+----+-----
Axes           | 3 |  3.5
Fighting       | |  3.0
Spellcasting   | |  1.0
Fire Magic     | |  2.6

Action                     || total
---------------------------++-------
  Melee: Hand axe          ||    35
         War axe           ||     8
         Headbutt          ||     2
  Throw: Stone             ||     7
 Invoke: Fiery Armour      ||     1
    Use: Scroll            ||     8
         Potion            ||     1
 Armour: Ring mail         ||     5
         Robe              ||     4
  Dodge: Dodged            ||    31
